 Dungeon Crawl Stone Soup version 0.20.1-1-g8b1a95d (webtiles) character file.

249 Dyss the Ruffian (level 5, -3/60 HPs)
             Began as a Minotaur Transmuter on July 13, 2017.
             Slain by Duvessa
             ... wielding a +3 short sword of venom
              (7 damage)
             ... on level 4 of the Dungeon.
             The game lasted 00:16:38 (3280 turns).

Dyss the Ruffian (Minotaur Transmuter)              Turns: 3280, Time: 00:16:39

Health: -3/60      AC:  5    Str: 21    XL:     5   Next: 86%
Magic:  6/7        EV: 12    Int: 10    God:
Gold:   109        SH:  0    Dex: 10    Spells: 4/8 levels left

rFire    . . .     SeeInvis .     - Unarmed
rCold    . . .     Gourm    .   (no shield)
rNeg     . . .     Faith    .   f - +0 leather armour (curse)
rPois    .         Spirit   .   (helmet restricted)
rElec    .         Reflect  .   p - +0 cloak
rCorr    .         Harm     .   w - +0 pair of gloves
MR       .....                  (no boots)
Stlth    ..........             (no amulet)
Regen    0.2/turn               (no ring)
MPRegen  0.1/turn               (no ring)

@: berserking, lethally poisoned (-3 -> -38), glowing, very quick
A: retaliatory headbutt, horns 2
a: no special abilities


You were on level 4 of the Dungeon.
You were not hungry.

You visited 1 branch of the dungeon, and saw 4 of its levels.

You collected 109 gold pieces.

Inventory:

Missiles
 a - 24 arrows
Armour
 b - a +0 robe
 f - a cursed +0 leather armour (worn)
 p - a +0 cloak (worn)
 r - a +3 scale mail of cold resistance
 w - a +0 pair of gloves (worn)
Wands
 s - a wand of enslavement (8/24)
Scrolls
 e - 5 scrolls of enchant weapon {unknown}
 h - a scroll of teleportation {unknown}
 m - 2 scrolls of remove curse {unknown}
 n - 4 scrolls of identify
 u - a scroll of amnesia {unknown}
 x - a scroll of magic mapping {unknown}
Potions
 g - a potion of might {unknown}
 j - a potion of heal wounds {unknown}
 k - a potion of berserk rage
 l - 2 potions of flight {unknown}
 o - a potion of brilliance {unknown}
 t - a potion of mutation {unknown}
 v - a potion of agility {unknown}
 A - a potion of lignification {unknown}
 B - a potion of resistance {unknown}
Books
 c - a book of Changes

   Spells                             Type                      Level
   a - Beastly Appendage              Transmutation                1
   b - Sticks to Snakes               Transmutation                2
   c - Spider Form                    Transmutation/Poison         3
   d - Ice Form                       Ice/Transmutation            4
   e - Blade Hands                    Transmutation                5
Comestibles
 d - 4 bread rations
 i - 4 royal jellies
 q - 2 fruits
 z - 5 chunks of flesh
 C - a meat ration


   Skills:
 - Level 1.6 Fighting
 - Level 1.6 Armour
 + Level 3.1 Dodging
 + Level 5.0 Unarmed Combat
 + Level 2.0 Spellcasting
 * Level 2.5 Transmutations
 * Level 1.0 Poison Magic


You had 4 spell levels left.
You knew the following spells:

 Your Spells              Type           Power        Failure   Level  Hunger
a - Beastly Appendage     Tmut           #.....       13%         1    ##.....
b - Spider Form           Tmut/Pois      #.........   45%         3    ####...


Dungeon Overview and Level Annotations

Branches:
Dungeon (4/15)
 Temple: D:4-7

Altars:

Annotations:
D:4 Dowan, Duvessa


Innate Abilities, Weirdness & Mutations

You reflexively headbutt those who attack you in melee.
You have a pair of horns on your head.


Message History

* * * LOW HITPOINT WARNING * * *
You feel sick.
* * * LOW HITPOINT WARNING * * *
You feel sick.
Duvessa hits you with a short sword of venom.
* * * LOW HITPOINT WARNING * * *
You are more poisoned.
It was a potion of berserk rage.
A red film seems to cover your vision as you go berserk!
You feel yourself moving faster!
You feel mighty!
* * * LOW HITPOINT WARNING * * *
You feel very sick. Duvessa barely misses you.
You are too berserk!
You hit Duvessa. You headbutt Duvessa!
Duvessa is heavily wounded.
* * * LOW HITPOINT WARNING * * *
You feel sick.
Duvessa hits you with a short sword of venom!
You die...

#.# #.# #.#
#.##########
#.##.......#
#..'.......#
####e......#
#.......#
#....e@<#
####+####


You could see Duvessa and Dowan.

Vanquished Creatures
  The ghost of vishdafish the Chucker, a weakling TrHu (D:3)
  Crazy Yiuf (D:2)
  Terence (D:2)
  A worker ant (D:4)
  5 adders
  An ooze (D:2)
  A worm (D:2)
  2 dart slugs (D:2)
  2 leopard geckos
  4 giant cockroaches
  6 hobgoblins
  A jackal (D:2)
  A quokka (D:3)
  2 ball pythons
  13 bats
  3 frilled lizards
  10 goblins
  8 kobolds
  7 rats
70 creatures vanquished.

Notes
Turn   | Place    | Note
-------+----------+-------------------------------------------
     0 | D:1      | Dyss the Minotaur Transmuter began the quest for the Orb.
     0 | D:1      | Reached XP level 1. HP: 16/16 MP: 1/1
   180 | D:1      | Reached XP level 2. HP: 12/23 MP: 0/3
   714 | D:1      | Reached skill level 4 in Unarmed Combat
  1241 | D:2      | Reached skill level 1 in Armour
  1241 | D:2      | Reached XP level 3. HP: 20/28 MP: 2/4
  1365 | D:2      | Found a runed door.
  1370 | D:2      | Learned a level 3 spell: Spider Form
  1373 | D:2      | Noticed Crazy Yiuf
  1380 | D:2      | Killed Crazy Yiuf
  1380 | D:2      | Reached XP level 4. HP: 30/35 MP: 2/5
  1739 | D:2      | Noticed Terence
  1762 | D:2      | Killed Terence
  2151 | D:2      | Reached XP level 5. HP: 39/40 MP: 6/6
  2637 | D:3      | Noticed vishdafish's ghost (weakling TrHu)
  2654 | D:3      | Killed vishdafish's ghost
  3047 | D:3      | Reached skill level 1 in Poison Magic
  3107 | D:4      | Reached skill level 5 in Unarmed Combat
  3250 | D:4      | Noticed Duvessa
  3250 | D:4      | Noticed Dowan
  3280 | D:4      | Slain by Duvessa

Skill      XL: |  1  2  3  4  5 |
---------------+----------------+-----
Unarmed Combat | 4 5 |  5.0
Armour         | 1 |  1.6
Transmutations | 2 |  2.5
Spellcasting   | 2 |  2.0
Poison Magic   | 1 |  1.0
Dodging        | 3 |  3.1
Fighting       | |  1.6

Action                   |  1- 3 |  4- 6 || total
-------------------------+-------+-------++-------
Melee: Unarmed           |    81 |   103 ||   184
       Headbutt          |     7 |    13 ||    20
       Kick              |     5 |     9 ||    14
       Punch             |     1 |       ||     1
 Cast: Beastly Appendage |     9 |    10 ||    19
       Spider Form       |       |     3 ||     3
  Use: Scroll            |       |     1 ||     1
       Potion            |       |     1 ||     1
 Stab: Sleeping          |       |     1 ||     1
  Eat: Chunk             |     2 |     7 ||     9
Armor: Leather armour    |    19 |    34 ||    53
Dodge: Dodged            |    42 |    77 ||   119
